 Dungeon Sprint DCSS version 0.22-a0-358-g7563fe7 (webtiles) character file.

5142 emperorscorpion the Brawler (level 10, -17/102 HPs)
             Began as a Troll Skald on Apr 18, 2018.
             Was a Believer of Ru.
             Demolished by a dire elephant (34 damage)
             ... in the Dungeon (Sprint IX: "|||||||||||||||||||||||||||||").
             The game lasted 00:05:08 (551 turns).

emperorscorpion the Brawler (Troll Skald)            Turns: 551, Time: 00:05:09

Health: -17/102    AC:  8    Str: 22    XL:     10   Next: 33%
Magic:  5/12       EV: 16    Int:  9    God:    Ru [**....]
Gold:   19         SH:  0    Dex: 15    Spells: 9/13 levels left

rFire    . . .     SeeInvis .     - Unarmed
rCold    . . .     Gourm    +   (no shield)
rNeg     . . .     Faith    .   b - +0 troll leather armour
rPois    .         Spirit   .   (helmet restricted)
rElec    .         Reflect  .   l - +0 cloak
rCorr    .         Harm     .   (gloves unavailable)
MR       .....     NoTele   +   (boots unavailable)
Stlth    ++........             (no amulet)
HPRegen  2.07/turn              m - +3 ring of strength
MPRegen  0.13/turn              n - +3 ring of dexterity

@: no potions, very slightly contaminated, regenerating (expiring)
A: large, unfitting armour, claws 3, fast metabolism 3, gourmand, regeneration
1, shaggy fur 1, tough skin 2, weak 1, inability to drink while threatened
a: Renounce Religion


You were in the Dungeon.
You worshipped Ru.
Ru was pleased with you.
You were very full.

You visited 1 branch You collected 19 gold pieces.

Inventory:

Armour
 a - a +0 robe
 b - a +0 troll leather armour (worn)
 l - a +0 cloak (worn)
Jewellery
 m - a +3 ring of strength (left claw)
 n - a +3 ring of dexterity (right claw)
Wands
 k - a wand of acid (9)
Scrolls
 h - 5 scrolls of remove curse
 i - 3 scrolls of blinking
 j - 2 scrolls of amnesia
 q - a scroll of fog
 r - a scroll of fear
 s - a scroll of identify
Potions
 d - 5 potions of curing
 e - 2 potions of might
 f - 2 potions of haste
 g - 4 potions of magic
 p - 4 potions of heal wounds
Comestibles
 c - 2 rations
 o - 12 chunks of flesh


   Skills:
 + Level 7.2 Fighting
 + Level 3.2 Armour
 + Level 10.1 Dodging
 + Level 4.2 Stealth
 + Level 15.8 Unarmed Combat
 + Level 2.4 Spellcasting
 + Level 2.8 Charms
 + Level 6.0 Necromancy
 + Level 0.8 Evocations


You had 9 spell levels left.
You knew the following spells:

 Your Spells              Type           Power        Failure   Level  Hunger
a - Infusion              Chrm           #...         12%         1    ##.....
r - Regeneration          Chrm/Necr      #.........   17%         3    ####...


Dungeon Overview and Level Annotations

Branches:
Dungeon (1/1)

Altars:
Cheibriados
Dithmenos
Elyvilon
Fedhas
Gozag
Hepliaklqana
Kikubaaqudgha
Makhleb
Nemelex Xobeh
Okawaru
Qazlal
Ru
Sif Muna
Trog
Uskayaw
Vehumet
Wu Jian
Xom
Yredelemnul
Zin
The Shining One
Beogh
Jiyva
Lugonu


Innate Abilities, Weirdness & Mutations

You are too large for most types of armour.
You have claws for hands.
Your metabolism is lightning-fast.
You like to eat raw meat.
Your natural rate of healing is unusually fast.
You are covered in fur. (AC +1)
You have very tough skin. (AC +2)
You are weak. (Str -2)
You cannot drink potions while threatened.


Message History

Casting: Regeneration (safe; 17% risk of failure)
Confirm with . or Enter, or press ? or * to list all spells.
Your skin crawls.
Your skin is crawling a little less now.
You claw the dire elephant!
The dire elephant is lightly wounded.
You scratch the dire elephant.
The dire elephant is lightly wounded.
You barely miss the dire elephant.
The dire elephant is lightly wounded.
The dire elephant tramples you!!
* * * LOW HITPOINT WARNING * * *
You hold your ground!
The dire elephant trunk-slaps you!
* * * LOW HITPOINT WARNING * * *
You claw the dire elephant!
The dire elephant is moderately wounded.
You scratch the dire elephant.
The dire elephant is moderately wounded.
The dire elephant tramples you!!
You die...

▓▓▓▓▓▓▓▓▓▓▓▓▓▓▓▓▓▓▓▓▓▓▓▓▓▓▓▓▓▓▓▓▓
..)..[.[)|..'____________________
▓▓▓▓▓▓▓▓▓▓▓▓▓▓▓▓▓▓▓▓▓▓▓▓▓▓▓▓▓▓▓▓▓
.................................
▓▓▓▓▓▓▓▓▓▓▓▓▓▓▓▓▓▓▓▓▓▓▓▓▓▓▓▓▓▓▓▓▓
.....YYYYY@...†.'.........†
▓▓▓▓▓▓▓▓▓▓▓▓▓▓▓▓▓▓▓▓▓▓▓▓▓▓▓


You could see a dire elephant and 4 elephants.

Vanquished Creatures
  A dire elephant (D)
  An ugly thing (D)
  An elephant (D)
  2 black mambas (D)
  A spiny frog (D)
  A rime drake (D)
  A troll (D)
  A yak (D)
  A basilisk (D)
  4 water moccasins (D)
  3 porcupines (D)
  An ice beast (D)
  2 sky beasts (D)
  2 black bears (D)
  An eye of draining (D)
  An ogre (D)
  2 crocodiles (D)
  2 bullfrogs (D)
  A howler monkey (D)
  A wight (D)
  A crimson imp (D)
  An orc wizard (D)
  2 adders (D)
  A dart slug (D)
  2 leopard geckos (D)
  2 orcs (D)
  A bat (D)
  A rat (D)
41 creatures vanquished.

Notes
Turn   | Place    | Note
-------+----------+-------------------------------------------
     0 | D        | emperorscorpion the Troll Skald began the quest for the Orb.
     0 | D        | Reached XP level 1. HP: 19/19 MP: 1/1
    20 | D        | Reached skill level 3 in Unarmed Combat
    20 | D        | Reached XP level 2. HP: 19/28 MP: 2/2
    41 | D        | Noticed an ogre
    41 | D        | Noticed a sky beast
    51 | D        | Killed a sky beast
    51 | D        | Reached skill level 5 in Dodging
    51 | D        | Reached skill level 5 in Unarmed Combat
    51 | D        | Reached XP level 3. HP: 30/37 MP: 3/3
    51 | D        | Reached XP level 4. HP: 37/45 MP: 4/4
    56 | D        | Reached skill level 6 in Unarmed Combat
    63 | D        | Killed an ogre
    63 | D        | Reached skill level 7 in Unarmed Combat
    63 | D        | Reached XP level 5. HP: 28/54 MP: 5/5
    68 | D        | Found a roughly hewn altar of Beogh.
    68 | D        | Found a snail-covered altar of Cheibriados.
    68 | D        | Found a shadowy altar of Dithmenos.
    68 | D        | Found a white marble altar of Elyvilon.
    68 | D        | Found a blossoming altar of Fedhas.
    68 | D        | Found an opulent altar of Gozag.
    69 | D        | Found a hazy altar of Hepliaklqana.
    70 | D        | Found a viscous altar of Jiyva.
    71 | D        | Found an ancient bone altar of Kikubaaqudgha.
    72 | D        | Found a corrupted altar of Lugonu.
    73 | D        | Found a burning altar of Makhleb.
    74 | D        | Found a sparkling altar of Nemelex Xobeh.
    75 | D        | Found an iron altar of Okawaru.
    76 | D        | Found a stormy altar of Qazlal.
    77 | D        | Found a sacrificial altar of Ru.
    78 | D        | Found a deep blue altar of Sif Muna.
    79 | D        | Found a bloodstained altar of Trog.
    80 | D        | Found a hide-covered altar of Uskayaw.
    81 | D        | Found a radiant altar of Vehumet.
    82 | D        | Found an ornate altar of the Wu Jian Council.
    83 | D        | Found a shimmering altar of Xom.
    84 | D        | Found a basalt altar of Yredelemnul.
    85 | D        | Became a worshipper of Ru the Awakened
    90 | D        | Learned a level 3 spell: Regeneration
    90 | D        | Found a glowing silver altar of Zin.
    91 | D        | Found a glowing golden altar of the Shining One.
   124 | D        | Noticed a black bear
   126 | D        | Reached skill level 8 in Unarmed Combat
   136 | D        | Killed a black bear
   136 | D        | Reached skill level 9 in Unarmed Combat
   136 | D        | Reached XP level 6. HP: 56/65 MP: 2/6
   140 | D        | Reached skill level 5 in Fighting
   141 | D        | Reached skill level 10 in Unarmed Combat
   149 | D        | Noticed a troll
   149 | D        | Noticed a white ugly thing
   149 | D        | Noticed an ice beast
   149 | D        | Noticed a sky beast
   155 | D        | Reached XP level 7. HP: 72/72 MP: 0/7
   172 | D        | Killed a cyan ugly thing
   172 | D        | Reached skill level 1 in Stealth
   172 | D        | Reached skill level 11 in Unarmed Combat
   183 | D        | Reached skill level 12 in Unarmed Combat
   183 | D        | Reached XP level 8. HP: 43/83 MP: 3/8
   192 | D        | Killed a troll
   213 | D        | Gained mutation: You are weak. (Str -2) [Ru sacrifice]
   367 | D        | Reached skill level 13 in Unarmed Combat
   367 | D        | Reached skill level 1 in Necromancy
   383 | D        | Noticed an elephant
   384 | D        | Reached skill level 1 in Armour
   384 | D        | Reached XP level 9. HP: 63/92 MP: 10/10
   404 | D        | Killed an elephant
   404 | D        | Reached skill level 14 in Unarmed Combat
   412 | D        | Gained mutation: You cannot drink potions while threatened. [Ru sacrifice]
   412 | D        | Reached * piety under Ru
   412 | D        | Reached ** piety under Ru
   423 | D        | Noticed a black mamba
   423 | D        | Noticed a spiny frog
   423 | D        | Noticed a rime drake
   424 | D        | Noticed a black mamba
   430 | D        | Killed a rime drake
   434 | D        | Killed a spiny frog
   439 | D        | Killed a black mamba
   443 | D        | Reached skill level 15 in Unarmed Combat
   443 | D        | Reached skill level 5 in Necromancy
   447 | D        | Killed a black mamba
   447 | D        | Reached skill level 10 in Dodging
   447 | D        | Reached XP level 10. HP: 83/102 MP: 1/12
   531 | D        | Noticed a dire elephant
   531 | D        | Noticed an elephant
   531 | D        | Noticed an elephant
   531 | D        | Noticed an elephant
   531 | D        | Noticed a dire elephant
   531 | D        | Noticed an elephant
   544 | D        | Killed a dire elephant
   551 | D        | Demolished by a dire elephant

Vault maps used:
D:        linesprint

Skill      XL: |  1  2  3  4  5  6  7  8  9 10 |
---------------+-------------------------------+-----
Dodging        | 2 5 6 7 8 9 10 | 10.1
Fighting       | 2 3 4 5 6 7 |  7.2
Unarmed Combat | 3 5 7 9 10 12 13 15 | 15.8
Stealth        | 1 3 4 |  4.2
Necromancy     | 2 5 6 |  6.0
Armour         | 1 2 3 |  3.2
Spellcasting   | 2 |  2.4
Charms         | |  2.8
Evocations     | |  0.8

Action                   |  1- 3 |  4- 6 |  7- 9 | 10-12 || total
-------------------------+-------+-------+-------+-------++-------
Melee: Unarmed           |    24 |    29 |    95 |    19 ||   167
       Punch             |       |       |     4 |     1 ||     5
 Cast: Infusion          |       |     2 |       |       ||     2
       Regeneration      |       |       |     3 |     2 ||     5
Invok: Sacrifice Purity  |       |       |     1 |       ||     1
       Sacrifice Drink   |       |       |     1 |       ||     1
Evoke: Wand              |       |     1 |       |       ||     1
  Use: Potion            |     1 |     1 |     3 |       ||     5
 Stab: Invisible         |       |       |     5 |       ||     5
       Sleeping          |       |       |     1 |       ||     1
  Eat: Chunk             |     6 |       |     2 |     3 ||    11
Armor: Robe              |     4 |     4 |     2 |       ||    10
       Troll leather arm |       |       |     9 |     2 ||    11
Dodge: Dodged            |     9 |    15 |    42 |     5 ||    71

Table legend:
 A = Spawn XP
 B = Non-spawn XP
 C = Spawn XP percentage of total XP
 D = Spawn monster count
 E = Non-spawn monster count
 F = Spawn count percentage of total count
 G = Total turns spent on level
                    A         B        C        D         E        F      G
               +---------+---------+-------+---------+---------+-------+---------
         Total |       0 |    7346 |   0.0 |       0 |      41 |   0.0 |   551
               +---------+---------+-------+---------+---------+-------+---------
             D |       0 |    7346 |   0.0 |       0 |      41 |   0.0 |   551
               +---------+---------+-------+---------+---------+-------+---------
